Map: Praça Neon Violeta LE

Players

Savante

  • Race: Terran Terran
  • League: Silver
  • Spawn Location: 11:00

IagoAbreu - Winner!

  • Race: Terran Terran
  • League: Gold
  • Spawn Location: 5:00

VOD

Have the link to the VOD?

Description

Opening with double barracks on the close 3rd base,
- Failed - Adapt
Taking 2nd and 3rd base to boost economy and Mid game with banshee harass on the mineral lines
Meanwhile in the base, going for triple starports and building Battlecruisers while teching up the flyers
Marine drop in the front while battlecruisers TP to mineral lines, continuing with the battlecruisers reinforcement 'till GG

Time

  • Played on: May 14, 2018, 2:11 p.m.
  • Length: 23:08
Show
View Real Time Build Order
Export as new Build Order

Savante Terran 

Build Orders:  

Get SALT Encoding   

  12  0:01  SCV  
  13  0:14  SCV  
  14  0:26  SCV, Supply Depot  
  15  0:48  SCV  
  16  0:54  Barracks  
  16  0:58  Refinery  
  16  1:00  SCV  
  17  1:12  SCV  
  18  1:20  Refinery  
  18  1:23  Engineering Bay  
  18  1:47  SCV  
  19  1:59  SCV  
  20  2:01  Bunker  
  20  2:10  Barracks Reactor  
  20  2:11  SCV  
  21  2:29  Factory  
  21  2:47  SCV  
  21  2:48  Barracks  
  21  2:50  Marine  
  23  2:59  Supply Depot  
  23  3:01  Terran Infantry Weapons Level 1  
  23  3:07  Orbital Command  
  23  3:14  Factory Tech Lab  
  23  3:18  Starport  
  23  3:20  Marine  
  23  3:24  Marine  
  25  3:31  Supply Depot  
  25  3:46  SCV  
  26  3:48  Siege Tank  
  26  3:50  Marine  
  26  3:51  Marine  
  26  3:53  Barracks Tech Lab  
  31  3:58  Starport Reactor  
  31  4:08  Marine x2  
  33  4:13  Supply Depot  
  33  4:17  Combat Shields  
  33  4:31  Siege Tank  
  36  4:38  Viking  
  38  4:41  Viking  
  40  4:55  Terran Infantry Armor Level 1  
  40  4:59  Supply Depot  
  29  5:52  Siege Tank  
  29  5:53  Marine x2  
  29  5:57  Marauder  
  36  6:11  Marine x2  
  36  6:18  Marauder  
  40  6:20  Starport  
  34  7:02  Siege Tank  
  34  7:04  Marine  
  34  7:05  Marine  
  39  7:16  Starport Tech Lab  
  39  7:21  Marauder  
  39  7:22  Marine x2  
  43  7:40  Marine x2, Armory  
  43  7:43  Marauder  
  38  8:06  Marine x2  
  38  8:24  Marine x2  
  33  8:41  Marine  
  33  8:42  Marine  
  35  8:59  Marine x2  
  37  9:11  Siege Tank  
  37  9:13  Marauder  
  37  9:15  Command Center  
  42  9:17  Marine x2  
  42  9:18  Fusion Core  
  42  9:19  Terran Vehicle And Ship Armor Level 1  
  42  9:21  Viking x2  
  48  9:35  Marine x2, Marauder  
  52  9:51  Command Center  
  52  9:53  Marine x2  
  52  9:56  Terran Infantry Armor Level 2  
  54  10:04  Supply Depot  
  54  10:11  Supply Depot  
  54  10:26  Marauder  
  56  10:34  Starport  
  56  10:44  SCV, Refinery  
  56  10:47  Marauder  
  56  10:48  Marine x2  
  56  10:49  Refinery  
  61  10:56  SCV  
  62  11:06  Marine x2  
  62  11:08  SCV  
  65  11:20  SCV, Starport Tech Lab  
  65  11:23  Battlecruiser  
  65  11:24  Marine x2  
  74  11:33  SCV  
  74  11:38  Terran Vehicle And Ship Armor Level 2  
  75  11:41  Marine  
  75  11:44  Battlecruiser  
  82  11:53  Medivac  
  84  11:56  Medivac  
  84  12:01  Refinery  
  86  12:04  SCV  
  87  12:17  SCV  
  88  12:29  SCV  
  89  12:41  SCV  
  90  12:53  SCV  
  91  13:08  Battlecruiser  
  97  13:13  Supply Depot  
  97  13:33  Weapon Refit  
  97  13:35  Battlecruiser  
  97  13:39  Supply Depot  
  103  13:44  Viking x2  
  103  13:48  Marine x2  
  100  14:06  Marine x2  
  95  14:24  Marine x2  
  93  14:41  Marine  
  93  14:42  Marine  
  75  15:11  Battlecruiser  
  75  15:13  Battlecruiser  
  87  15:18  SCV  
  87  15:20  SCV  
  89  15:24  SCV  
  90  15:38  SCV  
  90  15:40  SCV  
  92  15:58  SCV  
  93  16:05  SCV  
  93  16:10  SCV  
  95  16:13  SCV  
  96  16:28  Missile Turret  
  96  16:38  SCV  
  97  16:47  Missile Turret  
  97  16:58  Hi-Sec Auto Tracking  
  97  16:59  Missile Turret  
  97  17:05  Battlecruiser  
  97  17:08  SCV  
  104  17:12  SCV  
  105  17:31  Battlecruiser  
  48  18:50  Terran Ship Weapons Level 1  
  48  18:54  SCV  
  48  19:06  SCV  
  49  19:12  Fusion Core  
  49  19:13  SCV  
  50  19:18  SCV  
  50  19:23  Viking x2  
  55  19:25  SCV  
  55  19:30  SCV  
  57  19:37  SCV  
  58  19:42  SCV  
  59  19:50  SCV  
  60  19:53  Viking x2  
  60  19:54  SCV  
  60  19:59  Battlecruiser  
  71  20:20  SCV  
  72  20:22  SCV  
  72  20:28  Viking x2  
  75  20:35  SCV  
  78  20:45  SCV  
  78  20:47  SCV  
  80  21:01  SCV  
  80  21:03  SCV  
  82  21:07  Battlecruiser  
  88  21:11  Viking  
  90  21:19  Viking  
  90  21:22  SCV  
Show
View Real Time Build Order
Export as new Build Order

IagoAbreu Terran - Winner!

Build Orders: 3CC triple port Mech Banshee harass, Battlecruisers, Cheese 

Get SALT Encoding   

  12  0:02  SCV  
  14  0:14  SCV  
  14  0:20  Supply Depot  
  14  0:28  SCV  
  15  0:42  SCV  
  16  0:44  Supply Depot  
  16  0:51  Supply Depot  
  16  0:57  SCV  
  17  1:06  Engineering Bay  
  17  1:09  SCV  
  18  1:13  Refinery  
  18  1:21  Barracks  
  18  1:27  SCV  
  19  1:39  SCV  
  20  2:12  Barracks  
  20  2:13  Reaper  
  21  2:26  Command Center  
  21  2:28  Orbital Command  
  21  2:37  Terran Infantry Weapons Level 1  
  21  3:01  Barracks  
  21  3:07  Barracks Reactor  
  21  3:13  Barracks Reactor  
  21  3:24  SCV  
  22  3:31  Refinery  
  22  3:36  SCV  
  23  3:48  SCV  
  24  3:51  Barracks Tech Lab  
  24  3:52  Marine x4  
  28  4:10  Marine x4  
  28  4:12  Orbital Command  
  32  4:27  Marine  
  32  4:28  Marine x3, Bunker  
  36  4:37  Reaper  
  37  4:45  Marine x2  
  37  4:46  Marine x2, Orbital Command  
  41  4:57  Supply Depot  
  41  5:00  Supply Depot  
  41  5:03  Marine x3, Terran Infantry Armor Level 1  
  41  5:04  Marine  
  45  5:09  Reaper  
  46  5:21  Marine x2  
  29  5:35  Orbital Command  
  29  5:41  Marauder  
  29  5:43  Marine x3  
  29  5:44  Marine  
  31  6:01  SCV, Marine x4  
  31  6:03  Marauder  
  38  6:13  SCV  
  39  6:19  Marine x4  
  39  6:21  Combat Shields  
  39  6:24  Marauder  
  39  6:25  SCV  
  46  6:36  Marine  
  46  6:37  Marine x3  
  50  6:42  Factory  
  50  6:45  Marauder  
  36  6:54  Marine x2  
  35  7:06  Marine x2  
  37  7:10  Marauder  
  37  7:12  Marine x2  
  41  7:22  SCV  
  43  7:24  Marine x2  
  45  7:30  Marine x2  
  45  7:31  Starport  
  45  7:32  Marauder  
  45  7:34  SCV  
  49  7:38  Armory  
  49  7:40  Factory Reactor  
  49  7:42  Marine x2  
  51  7:46  SCV  
  51  7:48  Marine x2  
  51  7:49  Concussive Shells  
  54  7:53  Marauder  
  47  7:58  SCV  
  47  8:00  Marine x2  
  40  8:06  Marine  
  40  8:10  SCV  
  40  8:11  Marine  
  37  8:18  Marine  
  36  8:23  Marine  
  36  8:29  Marine  
  36  8:33  Bunker  
  36  8:34  Bunker  
  35  8:38  Starport  
  31  8:49  Terran Ship Weapons Level 1  
  31  8:52  Starport Tech Lab  
  30  9:05  Barracks  
  30  9:26  Starport Tech Lab  
  30  9:32  Refinery  
  30  9:39  Fusion Core  
  30  9:43  Banshee  
  33  9:46  Banshee  
  40  9:52  Widow Mine  
  40  9:53  Widow Mine  
  40  10:00  Barracks Reactor  
  40  10:07  Barracks Reactor  
  43  10:29  Banshee  
  43  10:31  Cloaking Field  
  46  10:46  Battlecruiser  
  49  10:50  Marine x2  
  51  10:59  Barracks  
  51  11:01  Refinery  
  51  11:02  Weapon Refit  
  51  11:08  Marine x2  
  53  11:19  Battlecruiser  
  59  11:26  Marine x2  
  59  11:31  Hyperflight Rotors  
  61  11:43  Marine  
  61  11:44  Marine  
  63  11:47  Command Center  
  63  11:50  Cyclone x2  
  69  12:20  Battlecruiser  
  75  12:23  Barracks Tech Lab  
  75  12:26  Barracks Reactor  
  75  12:29  Marine  
  75  12:30  Marine  
  75  12:36  Hellion x2  
  81  12:47  Marine x2  
  83  12:54  Battlecruiser  
  83  12:57  Hellion  
  83  12:58  Hellion  
  93  13:05  Marine x2  
  95  13:14  SCV, Refinery  
  95  13:17  Refinery  
  96  13:23  Marine x2  
  96  13:25  Marine x2  
  96  13:26  SCV  
  101  13:30  Battlecruiser  
  107  13:38  SCV  
  107  13:40  Terran Ship Weapons Level 2  
  107  13:41  Marine  
  109  14:20  Marine x3  
  109  14:39  SCV  
  109  14:40  Marine  
  109  14:41  Marine, Supply Depot  
  109  14:42  Supply Depot  
  109  14:44  Supply Depot  
  103  14:51  SCV  
  88  15:06  Battlecruiser x2  
  100  15:08  Marine  
  100  15:09  Marine x2  
  103  15:39  SCV  
  103  15:41  SCV  
  105  15:51  SCV  
  105  15:53  SCV  
  105  15:56  Terran Infantry Weapons Level 2  
  107  16:03  SCV  
  108  16:05  SCV  
  108  16:07  Starport  
  108  16:10  Marine x2  
  108  16:11  Marine x2  
  113  16:15  SCV  
  114  16:20  Factory Tech Lab  
  114  16:28  SCV, Marine x4  
  119  16:37  Battlecruiser  
  125  16:46  Marine x4  
  129  17:04  Marine x3  
  132  17:10  Battlecruiser  
  132  17:15  Battlecruiser  
  126  18:11  Battlecruiser  
  90  18:50  Battlecruiser  
  90  18:51  Battlecruiser  
  90  18:52  Marine x4  
  100  19:03  Orbital Command  
  100  19:10  Marine x4  
  104  19:28  Marine x4  
  108  19:38  Orbital Command  
  108  19:45  Marine  
  108  19:46  Marine x3  
  108  19:47  Battlecruiser  
  118  19:55  Battlecruiser x2  
  130  20:26  Hellion x2  
  134  20:46  Marine x4  
  134  20:47  Hellion x2  
  142  20:56  Supply Depot  
  142  21:04  Marine x4  
  142  21:06  Battlecruiser  
  152  21:16  Supply Depot  
  164  21:18  Battlecruiser x2  
  164  21:19  Supply Depot  
  164  21:21  Marine  
  164  21:22  Marine x2  
Tags
 
Add a new tag
Caveats
  • Supply blocks, unpowered buildings, or Contaminate may cause inaccurate times.
  • Supply counts are checked every 10 seconds.